[ AOE2 MATCH · #466586330 ]
UnrankedLithuanians vs Tatars
[ REPLAY ANALYSIS · EXTRACTED FROM THE RECORDED GAME ]
Feudal
10:12
Castle
18:42
Imperial
—
| APM avg | 40.5 |
| APM peak | 75 |
| eAPM avg | 15.0 |
| Villagers / military | 76 / 40 |
Focus
⚔️ 20.6% · 🌾 79.4%
Knight ×35 · Monk ×3 · Scout Cavalry ×2
Feudal
10:53
Castle
15:16
Imperial
—
| APM avg | 33.5 |
| APM peak | 79 |
| eAPM avg | 13.8 |
| Villagers / military | 92 / 43 |
Focus
⚔️ 25.5% · 🌾 74.5%
Cavalry Archer ×39 · Spearman ×3 · Archer ×1
Feudal
9:24
Castle
21:49
Imperial
—
| APM avg | 59.5 |
| APM peak | 97 |
| eAPM avg | 24.8 |
| Villagers / military | 155 / 86 |
Focus
⚔️ 35.0% · 🌾 65.0%
Knight ×82 · Spearman ×2 · Scout Cavalry ×2
Feudal
9:44
Castle
19:47
Imperial
—
| APM avg | 40.3 |
| APM peak | 96 |
| eAPM avg | 18.7 |
| Villagers / military | 117 / 51 |
Focus
⚔️ 30.0% · 🌾 70.0%
Knight ×38 · Scout Cavalry ×8 · Spearman ×5
Feudal
10:20
Castle
20:12
Imperial
—
| APM avg | 29.9 |
| APM peak | 56 |
| eAPM avg | 19.5 |
| Villagers / military | 100 / 40 |
Focus
⚔️ 46.2% · 🌾 53.8%
Knight ×35 · Skirmisher ×5
Feudal
8:55
Castle
18:46
Imperial
30:52
| APM avg | 94.3 |
| APM peak | 178 |
| eAPM avg | 51.6 |
| Villagers / military | 111 / 63 |
Focus
⚔️ 68.8% · 🌾 31.2%
Archer ×62 · Spearman ×1 · Unknown (1942) ×1
Match map
Initial resources + every placement click. Lines = walls · curves = elevation contours. ◆ gold · ⬟ stone · ● berries · ✦ relic · ◌ wall gap
Inputs per minute
— DeltaFish - - Paradigma
Build order — DeltaFish
First 150 of 206 actions detected
| 0:01 | Create | Villager (Male) |
| 0:01 | Create | Villager (Male) |
| 0:03 | Build | House |
| 0:05 | Build | House |
| 0:22 | Create | Villager (Male) |
| 0:22 | Create | Villager (Male) |
| 0:22 | Create | Villager (Male) |
| 0:34 | Create | Villager (Male) |
| 0:34 | Create | Villager (Male) |
| 1:20 | Create | Villager (Male) |
| 1:20 | Create | Villager (Male) |
| 1:45 | Build | Lumber Camp |
| 2:03 | Create | Villager (Male) |
| 2:38 | Create | Villager (Male) |
| 2:38 | Create | Villager (Male) |
| 3:29 | Create | Villager (Male) |
| 3:30 | Create | Villager (Male) |
| 3:55 | Build | House |
| 4:41 | Build | House |
| 4:51 | Build | House |
| 5:01 | Create | Villager (Male) |
| 5:17 | Create | Villager (Male) |
| 5:20 | Build | Mill |
| 5:40 | Build | Palisade Gate |
| 5:50 | Create | Villager (Male) |
| 5:50 | Create | Villager (Male) |
| 6:14 | Create | Villager (Male) |
| 6:33 | Build | House |
| 6:35 | Build | House |
| 6:49 | Create | Villager (Male) |
| 7:12 | Build | Palisade Wall |
| 7:15 | Build | Palisade Wall |
| 7:20 | Create | Villager (Male) |
| 8:02 | Research | Feudal Age |
| 8:32 | Build | Palisade Wall |
| 9:10 | Build | Farm |
| 9:38 | Build | Palisade Wall |
| 10:02 | Build | Barracks |
| 10:04 | Create | Villager (Male) |
| 10:05 | Create | Villager (Male) |
| 10:12 | Age | Feudal Age |
| 10:29 | Research | Double-Bit Axe |
| 10:33 | Build | Farm |
| 10:36 | Build | Farm |
| 10:39 | Build | Farm |
| 11:18 | Build | Stable |
| 11:20 | Create | Villager (Male) |
| 11:21 | Create | Villager (Male) |
| 11:32 | Build | Farm |
| 11:56 | Build | Farm |
| 12:01 | Build | Farm |
| 12:18 | Build | House |
| 12:37 | Create | Scout Cavalry |
| 12:44 | Research | Loom |
| 12:53 | Create | Villager (Male) |
| 12:59 | Build | Farm |
| 13:01 | Build | Farm |
| 13:04 | Build | Farm |
| 13:11 | Create | Scout Cavalry |
| 13:26 | Build | Mining Camp |
| 13:32 | Create | Villager (Male) |
| 13:49 | Build | Farm |
| 13:52 | Create | Villager (Male) |
| 14:10 | Build | Farm |
| 14:15 | Build | Farm |
| 14:31 | Create | Villager (Male) |
| 14:31 | Create | Villager (Male) |
| 15:04 | Build | Farm |
| 15:13 | Build | Blacksmith |
| 15:14 | Create | Villager (Male) |
| 16:02 | Research | Castle Age |
| 16:26 | Research | Scale Barding Armor |
| 16:59 | Research | Bloodlines |
| 17:04 | Build | Stable |
| 17:15 | Research | Horse Collar |
| 17:36 | Build | Farm |
| 18:00 | Create | Villager (Male) |
| 18:42 | Age | Castle Age |
| 18:57 | Create | Villager (Male) |
| 19:05 | Build | Monastery |
| 19:09 | Create | Knight |
| 19:10 | Create | Knight |
| 19:13 | Research | Chain Barding Armor |
| 19:18 | Build | House |
| 19:19 | Build | House |
| 19:45 | Build | Lumber Camp |
| 19:50 | Create | Monk |
| 19:57 | Create | Knight |
| 19:57 | Create | Knight |
| 19:58 | Research | Husbandry |
| 20:58 | Build | Farm |
| 20:59 | Create | Villager (Male) |
| 21:03 | Build | Farm |
| 21:09 | Create | Monk |
| 21:20 | Create | Monk |
| 21:26 | Build | Farm |
| 21:26 | Build | Farm |
| 21:37 | Create | Villager (Male) |
| 21:37 | Create | Villager (Male) |
| 21:41 | Create | Knight |
| 21:41 | Create | Knight |
| 22:10 | Build | Farm |
| 22:11 | Create | Villager (Male) |
| 22:13 | Create | Knight |
| 22:16 | Build | Farm |
| 22:34 | Research | Stone Mining |
| 22:41 | Build | Palisade Wall |
| 22:50 | Create | Villager (Male) |
| 22:54 | Build | House |
| 22:54 | Build | House |
| 22:55 | Build | House |
| 23:02 | Create | Knight |
| 23:02 | Create | Knight |
| 23:06 | Build | Farm |
| 23:26 | Create | Villager (Male) |
| 23:30 | Create | Villager (Male) |
| 23:33 | Create | Villager (Male) |
| 23:36 | Create | Knight |
| 23:36 | Create | Knight |
| 23:40 | Build | House |
| 23:41 | Build | House |
| 23:54 | Research | Forging |
| 23:57 | Create | Villager (Male) |
| 24:30 | Create | Villager (Male) |
| 24:33 | Create | Knight |
| 24:33 | Create | Knight |
| 25:05 | Create | Knight |
| 25:05 | Create | Knight |
| 25:06 | Create | Villager (Male) |
| 25:07 | Create | Villager (Male) |
| 25:07 | Create | Villager (Male) |
| 25:38 | Build | Town Center |
| 25:48 | Create | Villager (Male) |
| 25:48 | Create | Villager (Male) |
| 25:55 | Create | Knight |
| 25:55 | Create | Knight |
| 26:20 | Create | Villager (Male) |
| 26:29 | Research | Bow Saw |
| 26:46 | Build | Mining Camp |
| 26:49 | Create | Villager (Male) |
| 26:56 | Create | Knight |
| 26:58 | Create | Villager (Male) |
| 27:06 | Create | Knight |
| 27:06 | Create | Knight |
| 27:18 | Create | Villager (Male) |
| 27:20 | Create | Villager (Male) |
| 27:34 | Build | Farm |
| 27:40 | Build | House |
| 27:41 | Build | House |
| 27:41 | Build | House |
Build order — Paradigma
First 150 of 197 actions detected
| 0:02 | Create | Villager (Male) ×4 |
| 0:04 | Build | House |
| 0:06 | Build | House |
| 1:28 | Create | Villager (Male) |
| 1:44 | Create | Villager (Male) |
| 1:47 | Build | Lumber Camp |
| 2:26 | Create | Villager (Male) |
| 2:37 | Build | House |
| 2:46 | Create | Villager (Male) |
| 3:14 | Create | Villager (Male) |
| 3:39 | Create | Villager (Male) |
| 3:55 | Build | Mill |
| 4:17 | Create | Villager (Male) |
| 4:40 | Create | Villager (Male) |
| 5:11 | Create | Villager (Male) |
| 5:17 | Build | House |
| 5:24 | Build | House |
| 5:43 | Create | Villager (Male) |
| 5:44 | Create | Villager (Male) |
| 5:44 | Create | Villager (Male) |
| 5:48 | Build | Mill |
| 6:09 | Build | House |
| 6:44 | Build | House |
| 6:46 | Build | Palisade Wall |
| 7:03 | Create | Villager (Male) |
| 7:03 | Create | Villager (Male) |
| 7:45 | Create | Villager (Male) |
| 7:59 | Build | Mining Camp |
| 8:03 | Create | Villager (Male) |
| 8:36 | Research | Feudal Age |
| 9:04 | Build | Barracks |
| 9:21 | Create | Villager (Male) |
| 9:37 | Build | Palisade Wall |
| 10:04 | Build | Palisade Wall |
| 10:22 | Research | Loom |
| 10:22 | Create | Villager (Male) |
| 10:38 | Build | Palisade Wall |
| 10:42 | Build | Palisade Wall |
| 10:53 | Age | Feudal Age |
| 11:00 | Build | Blacksmith |
| 11:14 | Create | Villager (Male) |
| 11:54 | Build | Archery Range |
| 12:05 | Create | Villager (Male) |
| 12:23 | Build | Palisade Wall |
| 12:29 | Build | Palisade Wall |
| 12:32 | Build | Palisade Wall |
| 12:36 | Research | Castle Age |
| 13:00 | Build | Mining Camp |
| 13:48 | Build | Palisade Wall |
| 13:49 | Build | Palisade Wall |
| 14:12 | Research | Fletching |
| 14:17 | Build | Palisade Gate |
| 14:39 | Create | Villager (Male) |
| 15:16 | Age | Castle Age |
| 15:19 | Create | Cavalry Archer |
| 15:22 | Research | Padded Archer Armor |
| 15:40 | Create | Cavalry Archer |
| 15:42 | Build | House |
| 15:45 | Build | Palisade Wall |
| 15:55 | Create | Cavalry Archer |
| 16:09 | Create | Cavalry Archer |
| 16:09 | Create | Cavalry Archer |
| 16:26 | Build | Palisade Gate |
| 16:41 | Create | Villager (Male) |
| 16:42 | Create | Villager (Male) |
| 16:57 | Create | Cavalry Archer |
| 17:12 | Build | Archery Range |
| 17:20 | Create | Villager (Male) |
| 17:22 | Create | Cavalry Archer |
| 17:29 | Build | House |
| 17:30 | Build | House |
| 17:33 | Create | Cavalry Archer |
| 17:57 | Create | Villager (Male) |
| 18:21 | Build | Lumber Camp |
| 18:40 | Create | Cavalry Archer |
| 18:53 | Create | Spearman |
| 18:57 | Create | Spearman |
| 19:04 | Create | Villager (Male) |
| 19:11 | Build | Farm |
| 19:13 | Build | Farm |
| 19:44 | Create | Villager (Male) |
| 19:46 | Build | Farm |
| 19:48 | Build | Farm |
| 19:49 | Build | Farm |
| 20:13 | Build | Farm |
| 20:16 | Build | Farm |
| 20:17 | Build | Farm |
| 20:52 | Create | Cavalry Archer |
| 20:53 | Create | Cavalry Archer |
| 20:55 | Create | Villager (Male) |
| 21:08 | Create | Villager (Male) |
| 21:24 | Build | Farm |
| 21:28 | Build | House |
| 21:30 | Build | House |
| 21:42 | Create | Spearman |
| 21:58 | Build | Farm |
| 22:00 | Research | Double-Bit Axe |
| 22:02 | Create | Cavalry Archer |
| 22:03 | Create | Cavalry Archer |
| 22:17 | Build | Lumber Camp |
| 22:18 | Create | Villager (Male) |
| 22:31 | Build | House |
| 22:32 | Build | Palisade Wall |
| 22:36 | Create | Cavalry Archer |
| 22:38 | Create | Cavalry Archer |
| 22:44 | Build | Lumber Camp |
| 22:47 | Create | Villager (Male) |
| 22:50 | Build | Farm |
| 23:06 | Create | Villager (Male) |
| 23:22 | Build | Farm |
| 23:25 | Build | Farm |
| 23:26 | Create | Villager (Male) |
| 23:28 | Create | Cavalry Archer |
| 24:00 | Research | Bodkin Arrow |
| 24:03 | Build | Farm |
| 24:08 | Build | Farm |
| 24:27 | Create | Villager (Male) |
| 24:28 | Create | Villager (Male) |
| 24:45 | Build | Building 487 |
| 25:11 | Create | Villager (Male) |
| 25:11 | Create | Villager (Male) |
| 25:20 | Create | Cavalry Archer |
| 25:20 | Create | Cavalry Archer |
| 25:41 | Research | Leather Archer Armor |
| 25:48 | Build | Town Center |
| 25:52 | Create | Cavalry Archer |
| 25:52 | Create | Cavalry Archer |
| 25:55 | Create | Villager (Male) ×4 |
| 26:06 | Build | House |
| 26:08 | Build | House |
| 26:34 | Build | Farm |
| 26:35 | Build | Mill |
| 26:36 | Build | Farm |
| 26:37 | Build | Farm |
| 26:58 | Create | Villager (Male) |
| 27:07 | Create | Villager (Male) |
| 27:11 | Build | University |
| 27:19 | Build | Farm |
| 27:25 | Create | Archer |
| 27:33 | Create | Cavalry Archer |
| 27:34 | Create | Cavalry Archer |
| 27:51 | Create | Cavalry Archer |
| 27:51 | Create | Cavalry Archer |
| 28:03 | Create | Villager (Male) |
| 28:04 | Create | Villager (Male) |
| 28:26 | Create | Villager (Male) |
| 28:28 | Create | Villager (Male) |
| 28:30 | Create | Cavalry Archer |
| 28:41 | Create | Villager (Male) |
| 28:41 | Create | Villager (Male) |
Build order — FishCakes
First 150 of 403 actions detected
| 0:01 | Create | Villager (Male) |
| 0:01 | Create | Villager (Male) |
| 0:01 | Create | Villager (Male) |
| 0:02 | Create | Villager (Male) |
| 0:04 | Build | House |
| 0:05 | Build | House |
| 1:25 | Create | Villager (Male) |
| 1:54 | Create | Villager (Male) |
| 1:59 | Build | Lumber Camp |
| 2:24 | Create | Villager (Male) |
| 2:24 | Create | Villager (Male) |
| 2:52 | Create | Villager (Male) |
| 2:52 | Create | Villager (Male) |
| 2:53 | Create | Villager (Male) |
| 3:28 | Build | House |
| 3:38 | Create | Villager (Male) |
| 3:38 | Create | Villager (Male) |
| 3:49 | Create | Villager (Male) |
| 4:21 | Create | Villager (Male) |
| 4:35 | Create | Villager (Male) |
| 4:43 | Build | Mill |
| 4:44 | Create | Villager (Male) |
| 5:08 | Create | Villager (Male) |
| 5:09 | Create | Villager (Male) |
| 5:25 | Build | House |
| 5:26 | Create | Villager (Male) |
| 5:32 | Create | Villager (Male) |
| 5:32 | Create | Villager (Male) |
| 5:53 | Create | Villager (Male) |
| 5:53 | Create | Villager (Male) |
| 6:03 | Build | House |
| 6:06 | Build | Palisade Wall |
| 6:07 | Build | Palisade Wall |
| 6:22 | Create | Villager (Male) |
| 6:42 | Create | Villager (Male) |
| 7:14 | Research | Feudal Age |
| 7:14 | Research | Feudal Age |
| 7:55 | Create | Villager (Male) |
| 8:19 | Build | Barracks |
| 9:09 | Create | Villager (Male) |
| 9:24 | Age | Feudal Age |
| 9:25 | Research | Loom |
| 9:25 | Research | Loom |
| 9:50 | Build | Town Center |
| 10:10 | Create | Villager (Male) |
| 10:31 | Create | Villager (Male) |
| 10:35 | Research | Double-Bit Axe |
| 10:35 | Research | Double-Bit Axe |
| 10:38 | Research | Horse Collar |
| 10:49 | Build | House |
| 10:53 | Create | Villager (Male) |
| 11:11 | Create | Villager (Male) |
| 11:25 | Build | Stable |
| 11:29 | Build | Farm |
| 11:29 | Create | Villager (Male) |
| 11:33 | Create | Villager (Male) |
| 11:36 | Build | Farm |
| 11:39 | Create | Villager (Male) |
| 11:42 | Create | Villager (Male) |
| 11:42 | Create | Villager (Male) |
| 11:43 | Create | Villager (Male) |
| 11:54 | Create | Villager (Male) |
| 11:56 | Create | Villager (Male) |
| 11:59 | Build | Farm |
| 12:01 | Build | Farm |
| 12:08 | Build | House |
| 12:09 | Build | House |
| 12:19 | Create | Villager (Male) |
| 12:25 | Build | Farm |
| 12:25 | Create | Villager (Male) |
| 12:39 | Build | Farm |
| 12:52 | Create | Scout Cavalry |
| 12:53 | Create | Villager (Male) |
| 12:53 | Create | Villager (Male) |
| 12:55 | Build | House |
| 13:01 | Create | Villager (Male) |
| 13:03 | Create | Villager (Male) |
| 13:03 | Create | Villager (Male) |
| 13:08 | Build | Farm |
| 13:15 | Build | House |
| 13:16 | Build | House |
| 13:28 | Create | Villager (Male) |
| 13:38 | Create | Villager (Male) |
| 13:39 | Create | Villager (Male) |
| 14:00 | Build | Farm |
| 14:00 | Build | Farm |
| 14:01 | Build | Farm |
| 14:01 | Build | Farm |
| 14:11 | Create | Villager (Male) |
| 14:13 | Build | Farm |
| 14:13 | Create | Villager (Male) |
| 14:22 | Create | Spearman |
| 14:39 | Create | Spearman |
| 15:11 | Create | Villager (Male) |
| 15:17 | Create | Villager (Male) |
| 15:20 | Build | Farm |
| 15:22 | Create | Villager (Male) |
| 15:23 | Create | Villager (Male) |
| 15:25 | Build | Farm |
| 15:25 | Build | Farm |
| 15:26 | Build | Farm |
| 15:26 | Build | Farm |
| 15:27 | Create | Villager (Male) |
| 15:49 | Research | Wheelbarrow |
| 15:49 | Create | Villager (Male) |
| 16:05 | Build | Blacksmith |
| 16:09 | Create | Villager (Male) |
| 16:09 | Create | Villager (Male) |
| 16:33 | Create | Villager (Male) |
| 16:39 | Build | Lumber Camp |
| 16:45 | Create | Villager (Male) |
| 16:48 | Build | Farm |
| 16:52 | Build | Farm |
| 16:53 | Create | Villager (Male) |
| 17:00 | Build | Farm |
| 17:02 | Build | Farm |
| 17:06 | Create | Villager (Male) |
| 17:28 | Create | Villager (Male) |
| 17:40 | Build | Farm |
| 17:43 | Build | House |
| 17:45 | Build | House |
| 17:46 | Build | House |
| 17:47 | Create | Villager (Male) |
| 17:55 | Build | Farm |
| 18:00 | Build | Farm |
| 18:02 | Build | Farm |
| 18:28 | Build | Palisade Wall |
| 18:32 | Build | Palisade Wall |
| 18:39 | Create | Villager (Male) |
| 18:39 | Create | Villager (Male) |
| 18:50 | Build | Farm |
| 19:09 | Research | Castle Age |
| 19:09 | Research | Castle Age |
| 19:11 | Create | Villager (Male) |
| 19:12 | Create | Villager (Male) |
| 19:23 | Build | Mill |
| 19:24 | Build | Farm |
| 19:24 | Build | Farm |
| 19:24 | Build | Farm |
| 19:28 | Build | Farm |
| 19:40 | Build | Palisade Gate |
| 19:46 | Research | Bloodlines |
| 19:46 | Research | Bloodlines |
| 19:47 | Research | Scale Barding Armor |
| 19:48 | Research | Scale Barding Armor |
| 19:55 | Create | Villager (Male) |
| 20:02 | Build | Mining Camp |
| 20:05 | Research | Scale Barding Armor |
| 20:05 | Research | Scale Barding Armor |
| 20:07 | Create | Villager (Male) |
Build order — coconut_kr
First 150 of 280 actions detected
| 0:01 | Create | Villager (Male) |
| 0:02 | Create | Villager (Male) |
| 0:03 | Build | House |
| 0:04 | Build | House |
| 0:44 | Create | Villager (Male) |
| 0:44 | Create | Villager (Male) |
| 1:44 | Create | Villager (Male) |
| 1:48 | Create | Villager (Male) |
| 2:09 | Build | Lumber Camp |
| 2:21 | Create | Villager (Male) |
| 2:56 | Create | Villager (Male) |
| 3:05 | Build | House |
| 3:12 | Create | Villager (Male) |
| 3:42 | Create | Villager (Male) |
| 3:43 | Create | Villager (Male) |
| 4:10 | Create | Villager (Male) |
| 4:25 | Create | Villager (Male) |
| 4:59 | Build | House |
| 5:04 | Create | Villager (Male) |
| 5:04 | Create | Villager (Male) |
| 5:36 | Create | Villager (Male) |
| 5:50 | Build | Mill |
| 5:51 | Create | Villager (Male) |
| 5:51 | Create | Villager (Male) |
| 6:31 | Create | Villager (Male) |
| 6:48 | Research | Loom |
| 7:33 | Research | Feudal Age |
| 7:41 | Build | Barracks |
| 7:47 | Build | Barracks |
| 8:59 | Build | House |
| 9:22 | Create | Villager (Male) |
| 9:23 | Create | Villager (Male) |
| 9:43 | Build | Farm |
| 9:44 | Age | Feudal Age |
| 9:52 | Build | Stable |
| 10:03 | Research | Double-Bit Axe |
| 10:04 | Research | Wheelbarrow |
| 10:35 | Create | Scout Cavalry |
| 10:35 | Create | Scout Cavalry |
| 10:35 | Create | Scout Cavalry |
| 10:48 | Build | House |
| 10:54 | Build | House |
| 10:56 | Build | House |
| 11:05 | Create | Villager (Male) |
| 11:10 | Build | Blacksmith |
| 11:14 | Create | Scout Cavalry |
| 11:41 | Research | Horse Collar |
| 11:53 | Create | Spearman |
| 11:54 | Create | Spearman |
| 12:06 | Create | Scout Cavalry |
| 12:21 | Build | Farm |
| 12:28 | Create | Villager (Male) |
| 12:30 | Create | Villager (Male) |
| 12:40 | Build | Farm |
| 12:42 | Create | Spearman |
| 12:45 | Create | Scout Cavalry |
| 12:57 | Build | Farm |
| 12:58 | Build | Farm |
| 13:05 | Create | Villager (Male) |
| 13:23 | Build | Mining Camp |
| 13:32 | Create | Villager (Male) |
| 13:55 | Create | Villager (Male) |
| 13:59 | Build | Farm |
| 14:02 | Build | Farm |
| 14:11 | Build | House |
| 14:35 | Create | Villager (Male) |
| 14:37 | Build | Farm |
| 14:39 | Create | Villager (Male) |
| 14:41 | Build | Farm |
| 15:06 | Create | Villager (Male) |
| 15:08 | Build | Farm |
| 15:14 | Build | Farm |
| 15:25 | Build | Farm |
| 15:47 | Create | Spearman |
| 15:48 | Create | Spearman |
| 15:52 | Create | Villager (Male) |
| 15:58 | Build | Farm |
| 16:15 | Create | Villager (Male) |
| 16:40 | Create | Villager (Male) |
| 16:41 | Build | Farm |
| 17:07 | Research | Castle Age |
| 17:39 | Research | Gold Mining |
| 18:16 | Research | Scale Barding Armor |
| 18:20 | Research | Bloodlines |
| 19:47 | Age | Castle Age |
| 19:52 | Build | Town Center |
| 19:57 | Create | Scout Cavalry |
| 19:58 | Create | Scout Cavalry |
| 20:02 | Research | Husbandry |
| 20:06 | Create | Knight |
| 20:07 | Create | Knight |
| 20:09 | Create | Villager (Male) |
| 20:09 | Create | Villager (Male) |
| 20:15 | Build | Town Center |
| 20:42 | Create | Villager (Male) |
| 20:43 | Create | Villager (Male) |
| 20:48 | Create | Knight |
| 20:51 | Create | Villager (Male) |
| 21:04 | Research | Hand Cart |
| 21:21 | Create | Villager (Male) |
| 21:32 | Create | Knight |
| 21:44 | Build | Market |
| 21:54 | Create | Villager (Male) |
| 21:55 | Create | Villager (Male) |
| 21:57 | Create | Villager (Male) |
| 21:57 | Create | Villager (Male) |
| 22:00 | Build | Farm |
| 22:02 | Build | Farm |
| 22:24 | Create | Villager (Male) |
| 22:25 | Create | Villager (Male) |
| 22:26 | Build | Farm |
| 22:28 | Create | Villager (Male) |
| 22:40 | Build | House |
| 23:05 | Create | Villager (Male) |
| 23:11 | Build | House |
| 23:13 | Build | House |
| 23:14 | Create | Villager (Male) |
| 23:25 | Research | Town Watch |
| 23:26 | Research | Bow Saw |
| 23:30 | Research | Heavy Plow |
| 23:52 | Create | Villager (Male) |
| 23:53 | Create | Villager (Male) |
| 23:55 | Build | Town Center |
| 24:02 | Create | Villager (Male) |
| 24:06 | Build | Farm |
| 24:08 | Create | Villager (Male) |
| 24:12 | Create | Villager (Male) |
| 24:17 | Create | Knight |
| 24:26 | Build | Farm |
| 24:40 | Create | Villager (Male) |
| 24:43 | Create | Villager (Male) |
| 24:47 | Create | Villager (Male) |
| 25:13 | Build | Stable |
| 25:20 | Build | Farm |
| 25:22 | Build | Farm |
| 25:26 | Create | Villager (Male) |
| 25:26 | Create | Villager (Male) |
| 25:26 | Create | Villager (Male) |
| 25:27 | Create | Villager (Male) |
| 25:30 | Create | Villager (Male) |
| 25:32 | Create | Knight |
| 25:34 | Build | Farm |
| 25:46 | Build | Stable |
| 25:52 | Create | Knight |
| 26:01 | Create | Knight |
| 26:04 | Build | Farm |
| 26:05 | Build | Farm |
| 26:08 | Create | Villager (Male) |
| 26:11 | Build | Farm |
| 26:12 | Create | Villager (Male) |
Build order — AdrianJPG
First 150 of 241 actions detected
| 0:07 | Create | Villager (Male) |
| 0:08 | Create | Villager (Male) |
| 0:08 | Create | Villager (Male) |
| 0:10 | Build | House |
| 0:12 | Build | House |
| 0:36 | Create | Villager (Male) |
| 0:37 | Create | Villager (Male) |
| 1:38 | Create | Villager (Male) |
| 1:38 | Create | Villager (Male) |
| 1:38 | Create | Villager (Male) |
| 1:53 | Create | Villager (Male) |
| 2:30 | Build | Lumber Camp |
| 2:40 | Create | Villager (Male) |
| 2:40 | Create | Villager (Male) |
| 2:41 | Create | Villager (Male) |
| 2:52 | Create | Villager (Male) |
| 3:25 | Create | Villager (Male) |
| 3:25 | Create | Villager (Male) |
| 4:04 | Create | Villager (Male) |
| 4:04 | Create | Villager (Male) |
| 4:04 | Create | Villager (Male) |
| 4:13 | Build | House |
| 4:18 | Build | Palisade Wall |
| 4:32 | Create | Villager (Male) |
| 4:32 | Create | Villager (Male) |
| 4:56 | Create | Villager (Male) |
| 5:16 | Create | Villager (Male) |
| 5:16 | Create | Villager (Male) |
| 5:21 | Build | House |
| 5:25 | Build | House |
| 5:42 | Create | Villager (Male) |
| 5:42 | Create | Villager (Male) |
| 5:52 | Build | Mill |
| 6:09 | Create | Villager (Male) |
| 6:10 | Create | Villager (Male) |
| 6:46 | Create | Villager (Male) |
| 6:46 | Create | Villager (Male) |
| 7:20 | Create | Villager (Male) |
| 7:24 | Research | Loom |
| 7:25 | Research | Loom |
| 8:10 | Research | Feudal Age |
| 8:10 | Research | Feudal Age |
| 8:16 | Research | Double-Bit Axe |
| 8:16 | Research | Double-Bit Axe |
| 9:03 | Build | Barracks |
| 9:27 | Research | Horse Collar |
| 10:08 | Build | House |
| 10:20 | Age | Feudal Age |
| 10:25 | Create | Villager (Male) |
| 10:25 | Create | Villager (Male) |
| 10:27 | Build | Archery Range |
| 10:43 | Build | Blacksmith |
| 11:04 | Build | Palisade Wall |
| 11:09 | Create | Villager (Male) |
| 11:09 | Create | Villager (Male) |
| 11:12 | Build | House |
| 11:17 | Create | Villager (Male) |
| 11:17 | Create | Villager (Male) |
| 11:19 | Build | Farm |
| 11:47 | Build | Lumber Camp |
| 11:48 | Create | Skirmisher |
| 11:48 | Create | Skirmisher |
| 11:58 | Create | Villager (Male) |
| 11:58 | Create | Villager (Male) |
| 12:11 | Build | Farm |
| 12:29 | Create | Skirmisher |
| 12:29 | Create | Skirmisher |
| 12:37 | Build | Palisade Wall |
| 12:40 | Create | Villager (Male) |
| 12:42 | Research | Fletching |
| 12:53 | Build | Farm |
| 12:59 | Build | Farm |
| 13:03 | Create | Skirmisher |
| 13:28 | Build | Palisade Wall |
| 13:35 | Build | Farm |
| 13:38 | Create | Villager (Male) |
| 13:57 | Build | Farm |
| 14:01 | Build | House |
| 14:11 | Build | Palisade Wall |
| 14:14 | Build | Palisade Wall |
| 14:16 | Build | Palisade Wall |
| 14:24 | Build | Farm |
| 14:25 | Create | Villager (Male) |
| 14:31 | Build | Mining Camp |
| 14:56 | Build | Farm |
| 15:04 | Build | Palisade Wall |
| 15:07 | Build | Palisade Wall |
| 15:11 | Create | Villager (Male) |
| 15:11 | Create | Villager (Male) |
| 15:47 | Build | House |
| 15:51 | Build | House |
| 15:56 | Build | House |
| 16:04 | Build | Market |
| 16:08 | Build | Palisade Wall |
| 16:09 | Build | House |
| 16:18 | Create | Villager (Male) |
| 16:19 | Create | Villager (Male) |
| 16:29 | Build | Building 796 |
| 16:35 | Build | Building 796 |
| 16:38 | Build | Palisade Wall |
| 16:52 | Build | Farm |
| 17:00 | Build | Farm |
| 17:17 | Build | Farm |
| 17:32 | Research | Castle Age |
| 17:32 | Research | Castle Age |
| 17:33 | Research | Castle Age |
| 17:51 | Build | Farm |
| 17:54 | Build | Farm |
| 18:00 | Build | Farm |
| 18:04 | Build | Farm |
| 18:07 | Research | Bow Saw |
| 18:07 | Research | Bow Saw |
| 18:12 | Build | Farm |
| 18:18 | Build | Farm |
| 18:27 | Research | Heavy Plow |
| 18:27 | Research | Heavy Plow |
| 18:28 | Research | Heavy Plow |
| 18:28 | Research | Heavy Plow |
| 19:12 | Create | Villager (Male) |
| 19:12 | Create | Villager (Male) |
| 19:23 | Build | Stable |
| 19:31 | Research | Gold Mining |
| 19:31 | Research | Gold Mining |
| 19:32 | Create | Villager (Male) |
| 19:33 | Create | Villager (Male) |
| 19:59 | Research | Scale Barding Armor |
| 20:12 | Age | Castle Age |
| 20:27 | Build | Town Center |
| 20:29 | Create | Knight |
| 20:29 | Create | Knight |
| 20:42 | Build | Stable |
| 20:52 | Create | Villager (Male) |
| 20:52 | Create | Villager (Male) |
| 21:02 | Research | Chain Barding Armor |
| 21:18 | Create | Villager (Male) |
| 21:19 | Create | Villager (Male) |
| 21:20 | Build | House |
| 21:28 | Build | Palisade Wall |
| 21:36 | Create | Villager (Male) |
| 21:36 | Create | Villager (Male) |
| 21:38 | Create | Knight |
| 21:39 | Create | Knight |
| 21:40 | Create | Knight |
| 21:40 | Create | Knight |
| 21:40 | Create | Knight |
| 22:05 | Create | Knight |
| 22:06 | Create | Knight |
| 22:09 | Research | Husbandry |
| 22:35 | Create | Knight |
| 23:08 | Create | Villager (Male) |
Build order — FishCrates
First 150 of 277 actions detected
| 0:00 | Create | Villager (Male) |
| 0:01 | Create | Villager (Male) |
| 0:01 | Create | Villager (Male) |
| 0:02 | Build | House |
| 0:03 | Build | House |
| 0:15 | Create | Villager (Male) |
| 0:16 | Create | Villager (Male) |
| 1:20 | Create | Villager (Male) |
| 1:21 | Create | Villager (Male) |
| 1:53 | Create | Villager (Male) |
| 1:53 | Create | Villager (Male) |
| 1:56 | Build | Lumber Camp |
| 2:26 | Create | Villager (Male) |
| 2:32 | Create | Villager (Male) |
| 2:32 | Create | Villager (Male) |
| 3:08 | Create | Villager (Male) |
| 3:09 | Create | Villager (Male) |
| 3:12 | Build | House |
| 3:19 | Create | Villager (Male) |
| 3:19 | Create | Villager (Male) |
| 4:07 | Create | Villager (Male) |
| 4:07 | Create | Villager (Male) |
| 4:07 | Create | Villager (Male) |
| 4:07 | Create | Villager (Male) |
| 4:45 | Create | Villager (Male) |
| 5:12 | Build | Mining Camp |
| 5:55 | Create | Villager (Male) |
| 6:00 | Create | Villager (Male) |
| 6:42 | Research | Feudal Age |
| 6:42 | Research | Feudal Age |
| 7:34 | Build | House |
| 7:44 | Build | Barracks |
| 7:58 | Create | Villager (Male) |
| 7:58 | Research | Loom |
| 8:55 | Age | Feudal Age |
| 8:59 | Build | Archery Range |
| 9:02 | Build | Palisade Gate |
| 9:05 | Build | House |
| 9:07 | Research | Double-Bit Axe |
| 9:07 | Research | Double-Bit Axe |
| 9:13 | Create | Villager (Male) |
| 9:26 | Create | Villager (Male) |
| 9:28 | Build | Mill |
| 9:56 | Create | Archer |
| 9:56 | Create | Archer |
| 10:00 | Create | Spearman |
| 10:04 | Build | House |
| 10:40 | Create | Villager (Male) |
| 10:40 | Create | Villager (Male) |
| 10:51 | Create | Villager (Male) |
| 10:56 | Build | Farm |
| 11:04 | Build | Mill |
| 11:11 | Create | Archer |
| 11:13 | Create | Archer |
| 11:14 | Create | Villager (Male) |
| 11:19 | Build | Blacksmith |
| 11:21 | Build | Building 800 |
| 11:42 | Create | Villager (Male) |
| 11:55 | Create | Archer |
| 11:58 | Build | Farm |
| 12:00 | Build | Farm |
| 12:02 | Build | Farm |
| 12:19 | Build | House |
| 12:23 | Build | Palisade Wall |
| 12:26 | Research | Fletching |
| 12:26 | Research | Fletching |
| 12:32 | Build | Farm |
| 12:38 | Build | House |
| 12:43 | Create | Villager (Male) |
| 12:48 | Create | Archer |
| 12:56 | Build | Farm |
| 13:19 | Create | Villager (Male) |
| 13:22 | Build | Farm |
| 13:27 | Create | Villager (Male) |
| 13:31 | Create | Villager (Male) |
| 13:49 | Build | House |
| 14:00 | Build | Farm |
| 14:17 | Build | Palisade Wall |
| 14:39 | Create | Villager (Male) |
| 14:39 | Create | Archer |
| 14:44 | Build | Farm |
| 14:46 | Create | Villager (Male) |
| 15:11 | Create | Villager (Male) |
| 15:15 | Build | Farm |
| 15:23 | Build | Farm |
| 15:45 | Build | House |
| 16:06 | Research | Castle Age |
| 16:07 | Research | Castle Age |
| 16:21 | Build | Lumber Camp |
| 16:28 | Create | Archer |
| 17:05 | Create | Archer |
| 17:25 | Build | House |
| 17:26 | Build | House |
| 17:31 | Build | House |
| 17:42 | Create | Archer |
| 18:08 | Create | Archer |
| 18:15 | Create | Archer |
| 18:19 | Research | Padded Archer Armor |
| 18:20 | Research | Padded Archer Armor |
| 18:26 | Research | Gold Mining |
| 18:26 | Research | Gold Mining |
| 18:27 | Research | Horse Collar |
| 18:46 | Age | Castle Age |
| 18:53 | Build | Town Center |
| 18:53 | Create | Villager (Male) |
| 19:00 | Research | Bodkin Arrow |
| 19:00 | Research | Crossbowman (upgrade) |
| 19:01 | Research | Crossbowman (upgrade) |
| 19:06 | Create | Villager (Male) |
| 19:36 | Build | Lumber Camp |
| 19:37 | Create | Villager (Male) |
| 19:43 | Create | Archer |
| 19:43 | Create | Archer |
| 19:54 | Create | Villager (Male) |
| 20:08 | Create | Archer |
| 20:08 | Create | Archer |
| 20:08 | Create | Archer |
| 20:08 | Create | Archer |
| 20:10 | Create | Villager (Male) |
| 20:35 | Create | Villager (Male) |
| 20:41 | Create | Villager (Male) |
| 20:43 | Build | Farm |
| 20:49 | Build | Farm |
| 20:52 | Create | Archer |
| 20:54 | Create | Villager (Male) |
| 21:01 | Build | House |
| 21:02 | Build | House |
| 21:17 | Create | Villager (Male) |
| 21:25 | Build | University |
| 21:51 | Create | Villager (Male) |
| 21:57 | Create | Villager (Male) |
| 22:00 | Research | Wheelbarrow |
| 22:00 | Research | Wheelbarrow |
| 22:07 | Create | Archer |
| 22:07 | Create | Archer |
| 22:12 | Create | Villager (Male) ×5 |
| 22:23 | Create | Villager (Male) |
| 22:29 | Build | House |
| 22:46 | Research | Ballistics |
| 22:47 | Research | Ballistics |
| 22:58 | Create | Archer |
| 23:07 | Create | Villager (Male) |
| 23:08 | Create | Villager (Male) |
| 23:10 | Create | Villager (Male) |
| 23:21 | Research | Thumb Ring |
| 23:21 | Research | Thumb Ring |
| 23:30 | Build | Farm |
| 23:31 | Create | Villager (Male) |
| 23:34 | Create | Villager (Male) |
| 23:35 | Create | Archer |
Match timeline
| 4:18 | AdrianJPG · wall_segment Palisade Wall x1 |
| 6:06 | FishCakes · wall_segment Palisade Wall x3 |
| 6:07 | FishCakes · wall_segment Palisade Wall x5 |
| 6:46 | Paradigma · wall_segment Palisade Wall x1 |
| 7:12 | DeltaFish · wall_segment Palisade Wall x8 |
| 7:15 | DeltaFish · wall_segment Palisade Wall x1 |
| 7:41 | coconut_kr · first_building Barracks |
| 7:44 | FishCrates · first_building Barracks |
| 8:19 | FishCakes · first_building Barracks |
| 8:32 | DeltaFish · wall_segment Palisade Wall x6 |
| 8:55 | FishCrates · age_up feudal |
| 8:59 | FishCrates · first_building Archery Range |
| 9:03 | AdrianJPG · first_building Barracks |
| 9:04 | Paradigma · first_building Barracks |
| 9:24 | FishCakes · age_up feudal |
| 9:37 | Paradigma · wall_segment Palisade Wall x6 |
| 9:38 | DeltaFish · wall_segment Palisade Wall x19 |
| 9:44 | coconut_kr · age_up feudal |
| 9:52 | coconut_kr · first_building Stable |
| 10:02 | DeltaFish · first_building Barracks |
| 10:04 | Paradigma · wall_segment Palisade Wall x4 |
| 10:12 | DeltaFish · age_up feudal |
| 10:20 | AdrianJPG · age_up feudal |
| 10:27 | AdrianJPG · first_building Archery Range |
| 10:38 | Paradigma · wall_segment Palisade Wall x10 |
| 10:42 | Paradigma · wall_segment Palisade Wall x3 |
| 10:53 | Paradigma · age_up feudal |
| 11:04 | AdrianJPG · wall_segment Palisade Wall x10 |
| 11:18 | DeltaFish · first_building Stable |
| 11:25 | FishCakes · first_building Stable |
| 11:54 | Paradigma · first_building Archery Range |
| 12:23 | Paradigma · wall_segment Palisade Wall x6 |
| 12:23 | FishCrates · wall_segment Palisade Wall x8 |
| 12:29 | Paradigma · wall_segment Palisade Wall x10 |
| 12:32 | Paradigma · wall_segment Palisade Wall x7 |
| 12:37 | AdrianJPG · wall_segment Palisade Wall x5 |
| 13:28 | AdrianJPG · wall_segment Palisade Wall x1 |
| 13:48 | Paradigma · wall_segment Palisade Wall x1 |
| 13:49 | Paradigma · wall_segment Palisade Wall x1 |
| 14:11 | AdrianJPG · wall_segment Palisade Wall x1 |
| 14:14 | AdrianJPG · wall_segment Palisade Wall x1 |
| 14:16 | AdrianJPG · wall_segment Palisade Wall x1 |
| 14:17 | FishCrates · wall_segment Palisade Wall x1 |
| 15:04 | AdrianJPG · wall_segment Palisade Wall x1 |
| 15:07 | AdrianJPG · wall_segment Palisade Wall x4 |
| 15:16 | Paradigma · age_up castle |
| 15:45 | Paradigma · wall_segment Palisade Wall x1 |
| 16:08 | AdrianJPG · wall_segment Palisade Wall x1 |
| 16:38 | AdrianJPG · wall_segment Palisade Wall x1 |
| 18:28 | FishCakes · wall_segment Palisade Wall x11 |
| 18:32 | FishCakes · wall_segment Palisade Wall x16 |
| 18:42 | DeltaFish · age_up castle |
| 18:46 | FishCrates · age_up castle |
| 19:05 | DeltaFish · first_building Monastery |
| 19:23 | AdrianJPG · first_building Stable |
| 19:47 | coconut_kr · age_up castle |
| 20:12 | AdrianJPG · age_up castle |
| 21:28 | AdrianJPG · wall_segment Palisade Wall x1 |
| 21:49 | FishCakes · age_up castle |
| 22:32 | Paradigma · wall_segment Palisade Wall x1 |
| 22:41 | DeltaFish · wall_segment Palisade Wall x1 |
| 22:54 | coconut_kr · first_market_buy 100 food |
| 25:22 | FishCrates · first_building Siege Workshop |
| 27:37 | coconut_kr · first_market_sell 100 wood |
| 27:51 | FishCakes · first_building Monastery |
| 29:55 | AdrianJPG · wall_segment Palisade Wall x1 |
| 30:07 | FishCakes · first_building Castle |
| 30:33 | coconut_kr · first_building Monastery |
| 30:52 | FishCrates · age_up imperial |
| 31:36 | Paradigma · first_building Siege Workshop |
| 31:53 | Paradigma · first_building Stable |
| 32:43 | Paradigma · wall_segment Stone Wall x1 |
| 33:21 | coconut_kr · first_building Castle |
| 33:42 | DeltaFish · first_building Castle |
| 34:14 | coconut_kr · resign |
| 34:15 | FishCrates · first_building Castle |
[ AI ANALYSIS · 1 CREDIT ]
What really happened in this match?
Wolo.gg analyzes every decision: build order, eco, micro, common mistakes by bracket. Personalized analysis on WhatsApp or Discord in 30 seconds.
Civ guide
Lithuanians
Perfil
Jugador #610608